Workbook

Sheet Payment Schedule
A1: Payment Schedule November for October Invoices 2020
A3: Payee | B3: Item | C3: Ref | D3: Net Cost | E3: VAT | F3: Total | G3: Notes | H3: Paid
A4: Jane Clarke | B4: Salary October | C4: BACS 01101 | D4: -- | E4: -- | F4: -- | H4: Paid 25/10/2020
A5: Jane Clarke | B5: Clerk Expenses Owed | C5: BACS 01102 | D5: ='Clerk Expenses'!C14 -> 33.06 | E5: ='Clerk Expenses'!D14 -> 6.61 | F5: =D5+E5 -> 39.67
A6: Jane Clarke | B6: Clerk Expenses Paid | C6: BACS 01103 | D6: ='Clerk Expenses'!C25 -> 269.82 | E6: ='Clerk Expenses'!D25 -> 53.96 | F6: ='Clerk Expenses'!E25 -> 323.78 | G6: Printer but need to upgrade to Xerox Mjulti Function printer
A7: Tamar Tele. | B7: Monthly phone redirection | C7: BACS 01104 | D7: 14.97 | E7: 2.99 | F7: =D7+E7 -> 17.96
A8: Nest Pensions | B8: Monthly employer pension contribution | C8: BACS 01105 | D8: 132.14 | E8: 0 | F8: =D8+E8 -> 132.14 | G8: Employee £75.51 Employer £56.63
A9: Uniserve | B9: Monthly email and Microsoft Basic | C9: BACS 01106 | D9: 49.4 | E9: 9.88 | F9: =D9+E9 -> 59.28
A10: Royal British Legion | B10: Annual Donation | C10: BACS 01107 | D10: 500 | E10: 0 | F10: =D10+E10 -> 500
A11: Safeplay | B11: Quarterly Inspection | C11: BACS 01108 | D11: 100 | E11: 20 | F11: =D11+E11 -> 120 | G11: INV - 16764
A12: Safeplay | B12: Urgent works to playgrounds | C12: BACS 01109 | D12: 838 | E12: 167.6 | F12: =D12+E12 -> 1005.6 | G12: INV - 16710
A13: Royal Mail | B13: PO Box renewal | C13: BACS 01110 | D13: 293.75 | E13: 58.75 | F13: =D13+E13 -> 352.5 | G13: INV - 1802292453
A14: PKF LittleJohn | B14: External Audit Fee | C14: BACS 01111 | D14: 200 | E14: 40 | F14: =D14+E14 -> 240
A15: Autela Payroll | B15: Quaterly bill | C15: BACS 01112 | D15: 69.31 | E15: 0 | F15: =D15+E15 -> 69.31
A16: Westfield Bowls | B16: Grant approved Oct 2020 | C16: BACS 01113 | D16: 2500 | E16: 0 | F16: =D16+E16 -> 2500
A18: Total Payments | D18: =SUM(D4:D16) -> 5000.45 | E18: =SUM(E4:E16) -> 359.79 | F18: =SUM(F4:F16) -> 5360.24
A20: Chair Signature | D20: .
A22: Date

Sheet Clerk Expenses
A1: Name: Jane Clarke
A2: Date: October 2020 expenses (paid in November)
A4: Item | B4: Notes | C4: Net | D4: VAT | E4: Total | F4: Paid
A5: Zoom | B5: October subscription | C5: 21.07 | D5: 4.21 | E5: =SUM(C5:D5) -> 25.28
A6: Adobe | B6: October subscription | C6: 11.99 | D6: 2.4 | E6: =SUM(C6:D6) -> 14.39
C7: 0 | D7: 0 | E7: =SUM(C7:D7) -> 0
C8: 0 | D8: 0 | E8: =SUM(C8:D8) -> 0
C9: 0 | D9: 0 | E9: =SUM(C9:D9) -> 0
C10: 0 | D10: 0 | E10: =SUM(C10:D10) -> 0
C11: 0 | D11: 0 | E11: =SUM(C11:D11) -> 0
C12: 0 | D12: 0 | E12: =SUM(C12:D12) -> 0
A14: Items Paid | C14: =SUM(C5:C13) -> 33.06 | D14: =SUM(D5:D13) -> 6.61 | E14: =SUM(E5:E13) -> 39.67
A16: Item | B16: Notes | C16: Net | D16: VAT | E16: Total | F16: Paid
A17: Printer | B17: Order placed but not carried out as upgrading | C17: 269.82 | D17: 53.96 | E17: =SUM(C17:D17) -> 323.78
C18: 0 | D18: 0 | E18: =D18+C18 -> 0
C19: 0 | D19: 0 | E19: =D19+C19 -> 0
C20: 0 | D20: 0 | E20: =D20+C20 -> 0
C21: 0 | D21: 0 | E21: =D21+C21 -> 0
A25: Items Owed | C25: =SUM(C17:C24) -> 269.82 | D25: =SUM(D17:D24) -> 53.96 | E25: =SUM(E17:E24) -> 323.78

Sheet Added Payees
A1: Name | B1: Item | C1: Amount | D1: Sort Code | E1: Account No.
